 Dungeon Crawl Stone Soup version 0.21-a0-193-g085b6a0 (webtiles) character file.

97 Deeps the Magician (level 4, -2/30 HPs)
             Began as a Demonspawn Wizard on Aug 15, 2017.
             Slain by Grinder (5 damage)
             ... on level 3 of the Dungeon.
             The game lasted 00:08:21 (2705 turns).

Deeps the Magician (Demonspawn Wizard)              Turns: 2705, Time: 00:08:21

Health: -2/30      AC:  5    Str:  7    XL:     4   Next: 42%
Magic:  5/10       EV: 12    Int: 21    God:
Gold:   78         SH:  0    Dex: 11    Spells: 10/11 levels left

rFire    . . .     SeeInvis .   j - +0 short sword
rCold    . . .     Gourm    .   (no shield)
rNeg     . . .     Faith    .   a - +0 robe
rPois    .         Spirit   .   (no helmet)
rElec    .         Reflect  .   (no cloak)
rCorr    .         Harm     .   i - +0 pair of gloves
MR       .....                  (no boots)
Stlth    ++........             (no amulet)
HPRegen  0.10/turn              h - ring of wizardry
MPRegen  0.12/turn              (no ring)

@: flying
A: talons 1, icy blue scales 1
a: no special abilities


You were on level 3 of the Dungeon.
You were not hungry.

You visited 1 branch of the dungeon, and saw 3 of its levels.

You collected 78 gold pieces.

Inventory:

Hand Weapons
 j - a +0 short sword (weapon)
Armour
 a - a +0 robe (worn)
 b - a +0 hat
 i - a +0 pair of gloves (worn)
 s - a +0 helmet
Jewellery
 h - a ring of wizardry (left hand)
 m - a cursed amulet of inaccuracy {unknown}
Scrolls
 e - 2 scrolls of identify {unknown}
 l - a scroll of enchant armour {unknown}
 q - a scroll of immolation {unknown}
 r - a scroll of blinking {unknown}
Potions
 k - a potion of brilliance {unknown}
 o - 2 potions of heal wounds {unknown}
Books
 c - a book of Minor Magic

   Spells                             Type                      Level
   a - Magic Dart                     Conjuration                  1
   b - Blink                          Translocation                2
   c - Call Imp                       Summoning                    2
   d - Slow                           Hexes                        2
   e - Conjure Flame                  Conjuration/Fire             3
   f - Mephitic Cloud                 Conjuration/Poison/Air       3
Comestibles
 d - 3 bread rations
 f - a meat ration
 p - 2 fruits


   Skills:
 - Level 1.7 Dodging
 + Level 2.6 Stealth
 + Level 4.1 Spellcasting
 + Level 2.2 Conjurations
   Level 1.0 Summonings
   Level 0.8 Translocations


You had 10 spell levels left.
You knew the following spells:

 Your Spells              Type           Power        Failure   Level  Hunger
a - Magic Dart            Conj           ##..         1%          1    None


Dungeon Overview and Level Annotations

Branches:
Dungeon (3/15)

Altars:
Gozag
Zin
The Shining One

Shops:
D:2 *

Annotations:
D:3 Grinder


Innate Abilities, Weirdness & Mutations

You have sharp toenails.
You are partially covered in icy blue scales. (AC +2)


Message History

Press: ? - help, Shift-Dir - straight line, f/p - Grinder
Aim: Grinder (severely wounded)
The magic dart hits Grinder.
Grinder is severely wounded.
Grinder hits you but does no damage.
Casting: Magic Dart
Confirm with . or Enter, or press ? or * to list all spells.
Aiming: Magic Dart
Press: ? - help, Shift-Dir - straight line, f/p - Grinder
Aim: Grinder (severely wounded)
The magic dart hits Grinder.
Grinder is severely wounded.
Grinder hits you.
* * * LOW HITPOINT WARNING * * *
It was a potion of flight.
You feel very buoyant.
You fly up into the air.
Grinder hits you.
* * * LOW HITPOINT WARNING * * *
You writhe in agony.
You die...

#. #.# ..#.
#.##.#####...
#..........#
#..........#
#..........#
#..........#
#..........#
#..5.......#
##.@####...# # #..#
###.##.# ####..###
#.....# #.......#
#...### #......)#
#.#...##
#.......###.###..#
##.......##..........
##........##..........
##...<.....##..........


You could see Grinder.

Vanquished Creatures
  4 adders
  A worm (D:2)
  A dart slug (D:2)
  2 leopard geckos
  2 giant cockroaches (D:1)
  7 goblins
  13 hobgoblins
  2 kobolds
  3 ball pythons
  11 bats
  2 frilled lizards
  5 rats
53 creatures vanquished.

Notes
Turn   | Place    | Note
-------+----------+-------------------------------------------
     0 | D:1      | Deeps the Demonspawn Wizard began the quest for the Orb.
     0 | D:1      | Reached XP level 1. HP: 13/13 MP: 4/4
   451 | D:1      | Gained mutation: You are partially covered in icy blue scales. (AC +2) [demonic ancestry]
   451 | D:1      | Reached XP level 2. HP: 10/19 MP: 1/6
  1276 | D:1      | Gained mutation: You have sharp toenails. [demonic ancestry]
  1276 | D:1      | Reached XP level 3. HP: 24/24 MP: 0/8
  1885 | D:2      | Found a glowing golden altar of the Shining One.
  1992 | D:2      | Reached XP level 4. HP: 30/30 MP: 1/9
  2104 | D:2      | Reached skill level 4 in Spellcasting
  2308 | D:2      | Found a glowing silver altar of Zin.
  2508 | D:2      | Found an opulent altar of Gozag.
  2519 | D:2      | Found Gozag's Platinum Reserve.
  2674 | D:3      | Noticed Grinder
  2674 | D:3      | Paralysed by Grinder for 4 turns
  2689 | D:3      | Paralysed by Grinder for 2 turns
  2694 | D:3      | Paralysed by Grinder for 4 turns
  2705 | D:3      | Slain by Grinder

Vault maps used:
D:1:      minmay_arrival_hallway, st_stairs_13
D:2:      nicolae_gozag_zags_fifth_avenue, zin_scriptorium, tso_oasis_becter,
          serial_forest, infiniplex_forest_clump_medium,
          infiniplex_forest_clump_long, infiniplex_forest_clump_long,
          infiniplex_forest_clump_small, infiniplex_forest_end_3,
          infiniplex_forest_lined_3, infiniplex_forest_clump_tiny,
          minmay_surrounded
D:3:      uniq_grinder, uniq_crazy_yiuf_cottage, uniq_natasha

Skill      XL: |  1  2  3  4 |
---------------+-------------+-----
Stealth        | 2 |  2.6
Conjurations   | 2 |  2.2
Spellcasting   | 4 |  4.1
Dodging        | |  1.7
Summonings     | |  1.0
Translocations | |  0.8

Action                   |  1- 3 |  4- 6 || total
-------------------------+-------+-------++-------
Melee: Unarmed           |    17 |       ||    17
       Club              |    15 |       ||    15
       Short sword       |    32 |     4 ||    36
       Kick              |     1 |     1 ||     2
 Cast: Magic Dart        |    98 |    57 ||   155
  Use: Potion            |       |     2 ||     2
  Eat: Chunk             |     2 |     3 ||     5
Armor: Robe              |    36 |     5 ||    41
Dodge: Dodged            |    87 |     6 ||    93
